 Dungeon Crawl Stone Soup version 0.24-a0-762-gca426f56c8 (webtiles) character file.

Game seed: 13489291301430348836, levelgen mode: deterministic

951 tsouns the Covert (level 7, -2/38 HPs)
             Began as a Vampire Enchanter on Oct 3, 2019.
             Was an Initiate of Dithmenos.
             Slain by a troll (16 damage)
             ... on level 6 of the Dungeon.
             The game lasted 00:10:34 (4870 turns).

tsouns the Covert (Vampire Enchanter)               Turns: 4870, Time: 00:10:35

Health: -2/38      AC:  5    Str:  7    XL:     7   Next: 90%
Magic:  9/13       EV: 12    Int: 20    God:    Dithmenos [......]
Gold:   118        SH:  0    Dex: 14    Spells: 1/14 levels left

rFire    . . .     SeeInvis +   s - +2 short sword (venom)
rCold    + + .     Gourm    .   (no shield)
rNeg     + + +     Faith    .   b - +0 robe
rPois    ∞         Spirit   .   u - +0 helmet
rElec    .         Reflect  .   (no cloak)
rCorr    +         Harm     .   w - +0 pair of gloves
MR       .....                  e - +0 pair of boots
Stlth    +++++++...             (no amulet)
HPRegen  0.00/turn              p - ring of stealth
MPRegen  0.13/turn              d - ring of resist corrosion

@: bloodless, regenerating quickly
A: no food, fangs 3, see invisible, unbreathing
a: Bat Form, Revivify, Renounce Religion


You were on level 6 of the Dungeon.
You worshipped Dithmenos.
Dithmenos was noncommittal.
You were bloodless.

You visited 1 branch of the dungeon, and saw 6 of its levels.

You collected 118 gold pieces.

Inventory:

Hand Weapons
 a - a +2 dagger
 j - a +0 rapier
 s - a +2 short sword of venom (weapon)
Missiles
 n - 16 poisoned darts (quivered)
Armour
 b - a +0 robe (worn)
 e - a +0 pair of boots (worn)
 q - the +2 scale mail of the Spider Nest {Str+4, unknown}
   (You found it on level 4 of the Dungeon)

   It affects your strength (+4).
 t - a +0 shield
 u - a +0 helmet (worn)
 w - a +0 pair of gloves (worn)
Jewellery
 d - a ring of resist corrosion (right hand)
 p - a ring of stealth (left hand)
Wands
 k - a wand of flame (22)
 x - a wand of random effects (10)
Scrolls
 h - a scroll of teleportation
 i - 3 scrolls of enchant weapon
 m - a scroll of fog
 o - 2 scrolls of magic mapping
 v - a scroll of blinking
 y - a scroll of identify
Potions
 c - a potion of lignification {unknown}
 f - 2 potions of mutation
 g - a potion of might
 l - a potion of curing
 r - 3 potions of degeneration {unknown}
 z - a potion of haste {unknown}


   Skills:
 + Level 1.0 Fighting
 + Level 4.9 Short Blades
 - Level 2.1 Dodging
 + Level 8.3 Stealth
 - Level 4.3 Spellcasting
 + Level 7.9 Hexes


You had one spell level left.
You knew the following spells:

 Your Spells              Type           Power        Failure   Level  Hunger
a - Corona                Hex            #####..      1%          1    N/A
b - Ensorcelled Hibernat  Hex/Ice        ###...       3%          2    N/A
c - Confuse               Hex            #####...     1%          3    N/A
d - Confusing Touch       Hex            #####.       1%          1    N/A
e - Tukima's Dance        Hex            #####...     1%          3    N/A
f - Dazzling Spray        Conj/Hex       ###...       8%          3    N/A

Your spell library contained the following spells:

 Spells                   Type           Power        Failure   Level  Hunger
 Animate Skeleton         Necr           N/A          13%         1    N/A
 Apportation              Tloc           #.....       13%         1    N/A
 Summon Small Mammal      Summ           #...         13%         1    N/A

Dungeon Overview and Level Annotations

Branches:
Dungeon (6/15)
 Temple: D:4-7

Altars:
Dithmenos


Innate Abilities, Weirdness & Mutations

You do not eat.
You do not regenerate when monsters are visible.
You are frail without blood (-20% HP).
You are immune to poison.
You have razor-sharp teeth.
You have supernaturally acute eyesight. (SInv)
You can survive without breathing.


Message History

Confirm with . or Enter, or press ? or * to list all spells.
Aiming: Ensorcelled Hibernation (safe; 3% risk of failure)
Press: ? - help, Shift-Dir - straight line, f - you, p - troll That would be overly suicidal.
Okay, then.
Casting: Ensorcelled Hibernation (safe; 3% risk of failure)
Confirm with . or Enter, or press ? or * to list all spells.
Aiming: Confuse (safe; 1% risk of failure)
Press: ? - help, Shift-Dir - straight line, f - troll
Aim: a troll (severely wounded, poisoned, chance to defeat MR: 63%)
The troll appears confused.
The troll barely misses you. The troll claws you! x2
You are too injured to fight recklessly!
You are too injured to fight recklessly!
You hit the troll.
The troll looks as sick as possible!
The troll is almost dead.
You barely miss the troll.
The troll is almost dead.
The troll bites you!
You die...

###############
####....(........#
..##.###########.#
.........## #T#
.....##...## #@#
######...<.## #.#
##.......## #.#
#.........###.#
##.......#....#
..####.....###.###
..........## ##.##
..#####..## ##.#
##..# ##.##


You could see a troll (confused).

Vanquished Creatures
  An ice beast (D:5)
  2 phantoms
  2 ogres (D:4)
  A big kobold (D:4)
  A bullfrog (D:6)
  2 howler monkeys
  2 crimson imps
  2 bullfrog skeletons (D:4)
  A hound (D:4)
  An orc wizard (D:5)
  Terence (D:3)
  2 adders
  A shadow imp (D:4)
  An ooze (D:1)
  2 adder skeletons
  A worm (D:2)
  3 leopard geckos (D:1)
  2 orcs (D:5)
  4 bats
  5 hobgoblins
  5 jackals (D:1)
  A quokka (D:4)
  2 ball pythons
  10 frilled lizards
  11 goblins
  8 kobolds
  11 rats
85 creatures vanquished.

Notes
Turn   | Place    | Note
-------+----------+-------------------------------------------
     0 | D:1      | tsouns the Vampire Enchanter began the quest for the Orb.
     0 | D:1      | Reached XP level 1. HP: 13/13 MP: 3/3
   154 | D:1      | Reached XP level 2. HP: 13/19 MP: 1/5
   216 | D:1      | Learned a level 2 spell: Ensorcelled Hibernation
   375 | D:1      | Reached XP level 3. HP: 5/24 MP: 0/6
   514 | D:1      | Reached skill level 5 in Stealth
   725 | D:2      | Learned a level 3 spell: Confuse
   856 | D:2      | Reached skill level 5 in Hexes
  1873 | D:3      | Found a faded altar of an unknown god.
  2041 | D:3      | Reached XP level 4. HP: 24/24 MP: 7/7
  2106 | D:3      | Noticed Terence
  2111 | D:3      | Killed Terence
  2500 | D:4      | Noticed a big kobold
  2517 | D:4      | Killed a big kobold
  2517 | D:4      | Reached skill level 6 in Stealth
  2517 | D:4      | Reached XP level 5. HP: 23/28 MP: 9/9
  2625 | D:4      | Got a twisted scale mail
  2633 | D:4      | Noticed an ogre
  2649 | D:4      | Killed an ogre
  2649 | D:4      | Reached XP level 6. HP: 18/32 MP: 2/11
  2818 | D:4      | Found a shadowy altar of Dithmenos.
  2826 | D:4      | Became a worshipper of Dithmenos the Shadowed
  3188 | D:4      | Reached skill level 7 in Stealth
  3422 | D:4      | Reached XP level 7. HP: 36/36 MP: 9/12
  3767 | D:5      | Entered Level 5 of the Dungeon
  3794 | D:5      | Learned a level 1 spell: Confusing Touch
  3798 | D:5      | Learned a level 3 spell: Tukima's Dance
  3802 | D:5      | Learned a level 3 spell: Dazzling Spray
  4332 | D:5      | Reached skill level 8 in Stealth
  4838 | D:6      | Noticed a troll
  4841 | D:6      | Reached skill level 1 in Fighting
  4870 | D:6      | Slain by a troll

Levels and vault maps discovered:
D:1:      minmay_arrival_arboretum_small, layout_basic
D:2:      layout_basic, first_ration
D:3:      layout_loops_ring, chequers_ecumenical_altar_island, uniq_terence
D:4:      layout_gridville, nicolae_dithmenos_the_darkroom, serial_forest,
          infiniplex_forest_straight_1, infiniplex_forest_clump_medium,
          infiniplex_forest_clump_long, infiniplex_forest_lined_2,
          skrybe_limestone_x
D:5:      layout_basic
D:6:      layout_loops_ring, kennysheep_generic_room_3

Skill      XL: |  1  2  3  4  5  6  7 |
---------------+----------------------+-----
Stealth        | 5 6 7 8 |  8.3
Short Blades   | 2 3 4 |  4.9
Hexes          | 5 6 7 |  7.9
Spellcasting   | 3 4 |  4.3
Fighting       | 1 |  1.0
Dodging        | |  2.1

Action                   |  1- 3 |  4- 6 |  7- 9 || total
-------------------------+-------+-------+-------++-------
Melee: Dagger            |   161 |    13 |    32 ||   206
       Bite              |     9 |     3 |     5 ||    17
       Short sword       |       |    51 |    31 ||    82
Throw: Dart              |       |     4 |       ||     4
 Cast: Corona            |     7 |       |       ||     7
       Ensorcelled Hiber |    18 |     5 |    11 ||    34
       Confuse           |       |     3 |     5 ||     8
 Abil: Exsanguinate      |     1 |       |       ||     1
  Use: Scroll            |     8 |     3 |       ||    11
 Stab: Sleeping          |    25 |    12 |    10 ||    47
       Confused          |       |     3 |     3 ||     6
Armor: Robe              |    32 |     6 |     7 ||    45
Dodge: Dodged            |    95 |    25 |    27 ||   147

Table legend:
 A = Non-vault XP
 B = Vault XP
 C = Vault XP percentage of total XP
 D = Non-vault monster count
 E = Vault monster count
 F = Vault count percentage of total count
                 A         B        C        D         E       F
            +---------+---------+-------+---------+---------+-------
      Total |    1327 |      32 |   2.4 |      84 |       1 |   1.2
            +---------+---------+-------+---------+---------+-------
        D:1 |      46 |       0 |   0.0 |      26 |       0 |   0.0
        D:2 |      33 |       0 |   0.0 |      15 |       0 |   0.0
        D:3 |      26 |      32 |  55.2 |      17 |       1 |   5.6
        D:4 |     619 |       0 |   0.0 |      15 |       0 |   0.0
        D:5 |     401 |       0 |   0.0 |       7 |       0 |   0.0
        D:6 |     202 |       0 |   0.0 |       4 |       0 |   0.0
            +---------+---------+-------+---------+---------+-------
